 Dungeon Crawl Stone Soup version 0.17-a0-1648-g0a089d4 (webtiles) character file.

1204 matakusis the Ducker (level 8, 0/60 HPs)
             Began as a Demonspawn Gladiator on Aug 12, 2015.
             Engulfed by a cloud of freezing vapour (16 damage)
             ... on level 5 of the Dungeon.
             The game lasted 00:18:46 (5017 turns).

matakusis the Ducker (Demonspawn Gladiator)         Turns: 5017, Time: 00:18:46

Health: 0/60       AC: 19    Str: 17    XL:     8   Next: 21%
Magic:  0/8        EV:  9    Int: 12    God:
Gold:   360        SH:  9    Dex: 15    Spells: 1 memorised, 4 levels left

rFire  . . .     SeeInvis .     a - +1 war axe
rCold  . . .     Clarity  .     n - +3 chain mail
rNeg   . . .     SustAt   .     f - +1 buckler
rPois  .         Gourm    .     (helmet restricted)
rElec  .         Spirit   +     g - +0 cloak
rCorr  +         Warding  .     (no gloves)
rMut   .         Stasis   .     u - +2 pair of boots
MR     .....                    q - amulet of resist corrosion
Stlth  ..........               (no ring)
                                x - +3 ring of intelligence

@: not resistant to hostile enchantments, extremely unstealthy
A: antennae 1, large bone plates 2, foul stench 2, magic shield, rot immunity
a: no special abilities


You were on level 5 of the Dungeon.
You were very hungry.

You visited 1 branch of the dungeon, and saw 6 of its levels.

You collected 360 gold pieces.

Inventory:

Hand weapons
 a - a +1 war axe (weapon)
Missiles
 d - 3 throwing nets (quivered)
Armour
 f - a +1 buckler (worn)
 g - a +0 cloak (worn)
 n - a +3 chain mail (worn)
 u - a +2 pair of boots (worn)
Jewellery
 q - an amulet of resist corrosion (around neck)
 x - a +3 ring of intelligence (left hand)
Magical devices
 j - a wand of random effects (29)
 t - a wand of magic darts (20)
 w - a wand of paralysis (16)
Scrolls
 c - a scroll of identify
 i - 3 scrolls of enchant armour
 k - a scroll of recharging
 l - 3 scrolls of teleportation
 o - 2 scrolls of blinking
 s - 2 scrolls of enchant weapon
 A - 3 scrolls of remove curse {unknown}
 B - a scroll of noise {unknown}
Potions
 m - a potion of lignification
 p - a potion of curing
 v - a potion of heal wounds
Books
 y - a book of Necromancy

   Spells                             Type                      Level
   a - Pain                           Necromancy                   1
   b - Animate Skeleton               Necromancy                   1
   c - Vampiric Draining              Necromancy                   3
   d - Regeneration                   Charms/Necromancy            3
   e - Animate Dead                   Necromancy                   4
   f - Control Undead                 Necromancy                   4
Comestibles
 e - 5 bread rations
 h - 2 meat rations
 z - a fruit


   Skills:
 + Level 3.8 Fighting
 + Level 5.0 Axes
 - Level 1.7 Throwing
 + Level 2.5 Armour
 + Level 5.7 Dodging
 + Level 3.1 Shields
 * Level 2.9 Necromancy


You had 4 spell levels left.
You knew the following spells:

 Your Spells              Type           Power        Failure   Level  Hunger
a - Regeneration          Chrm/Necr      #.........   100%        3    ####...


Dungeon Overview and Level Annotations

Branches:
Dungeon (6/15)
 Temple: D:4-7

Altars:
Cheibriados
Makhleb
Nemelex Xobeh
Vehumet
Xom
Zin
Beogh


Innate Abilities, Weirdness & Mutations

You have a pair of small antennae on your head.
You are mostly covered in large bone plates (AC +3, SH +3).
You frequently emit foul miasma when damaged in melee.
When hurt, damage is shared between your health and your magic reserves.
You are immune to rotting.


Message History

Press: ? - help, . - travel You can't see that place. [the floor.]
Things that are here:
a club; a leather armour; a ring mail You open the door.
Really walk into a travel-excluded area?
There is an open door here.
You are engulfed in freezing vapours.
You are engulfed in freezing vapours.
You are engulfed in freezing vapours.
You are engulfed in freezing vapours.
You are engulfed in freezing vapours.
* * * LOW HITPOINT WARNING * * *
Drink which item? (? for menu, Esc to quit)
You feel better.
You are engulfed in freezing vapours.
* * * LOW HITPOINT WARNING * * *
Drink which item? (? for menu, Esc to quit)
You feel better.
You are engulfed in freezing vapours.
You die...

....####.#...((..#..### #.....
....####....##........#########..
.......###[.##.#####.............
...###.........######.##########.
...# #####>....#§§§##.# #. ...#
###...#§#§##.# #. ...####
#...#§#§##.# #. ......##
#...#§#§#..# #.
...##..######..#@#§##.# #>
...###......).)#§#§##.# #. ...#
#####.....#§#§##.####### #. ...#
#..#####§#§#....[...####. ...#
##.## ##§#§#..##.##...... ..##
###..# ##§#§#......[###### .##
#...## ##§#§#####...######
######.### ##§#§## #.......##
...##..# ##.#.## ##........


There were no monsters in sight!

Vanquished Creatures
  The ghost of nubinia the Firebug, an average TeFE of Ashenzari (D:3)
  3 sky beasts (D:5)
  A phantom (D:4)
  A centaur (D:5)
  A scorpion (D:5)
  A centaur zombie (D:5)
  A crimson imp (D:5)
  3 hounds
  4 orc priests
  Jessica (D:3)
  3 iguanas
  Natasha (thrice) (D:3)
  A worker ant (D:4)
  A hound skeleton (D:5)
  7 adders
  An adder skeleton (D:4)
  4 worms
  A giant gecko (D:1)
  7 orcs
  10 bats
  7 hobgoblins
  14 jackals
  7 kobolds
  2 quokkas
  3 ball pythons
  2 giant cockroaches
  6 giant newts
  8 goblins
  4 rats
108 creatures vanquished.

Notes
Turn   | Place    | Note
--------------------------------------------------------------
     0 | D:1      | matakusis the Demonspawn Gladiator began the quest for the Orb.
     0 | D:1      | Reached XP level 1. HP: 16/16 MP: 1/1
   281 | D:1      | Gained mutation: You are partially covered in large bone plates (AC +2, SH +2). [demonic ancestry]
   281 | D:1      | Reached XP level 2. HP: 19/22 MP: 2/2
   418 | D:1      | Reached skill level 3 in Axes
   800 | D:2      | Gained mutation: You are immune to rotting. [demonic ancestry]
   800 | D:2      | Reached XP level 3. HP: 27/27 MP: 3/3
   802 | D:2      | Reached skill level 1 in Armour
  1328 | D:3      | Found a shimmering altar of Xom.
  1492 | D:3      | Gained mutation: You are mostly covered in large bone plates (AC +3, SH +3). [demonic ancestry]
  1492 | D:3      | Reached XP level 4. HP: 24/34 MP: 4/4
  1587 | D:3      | Noticed Natasha
  1594 | D:3      | Killed Natasha
  1785 | D:3      | Found a roughly hewn altar of Beogh.
  2052 | D:3      | Gained mutation: You may emit foul miasma when damaged in melee. [demonic ancestry]
  2052 | D:3      | Reached XP level 5. HP: 25/39 MP: 5/5
  2326 | D:3      | Found a radiant altar of Vehumet.
  2430 | D:3      | Noticed Jessica
  2433 | D:3      | Killed Jessica
  2433 | D:3      | Reached skill level 4 in Dodging
  2433 | D:3      | Reached skill level 1 in Shields
  2523 | D:3      | Noticed Natasha
  2537 | D:3      | Killed Natasha
  2578 | D:3      | Noticed Natasha
  2583 | D:3      | Killed Natasha
  2630 | D:3      | Noticed nubinia's ghost (average TeFE)
  2653 | D:3      | Killed nubinia's ghost
  2653 | D:3      | Gained mutation: When hurt, damage is shared between your health and your magic reserves. [demonic ancestry]
  2653 | D:3      | Reached XP level 6. HP: 20/46 MP: 6/6
  3260 | D:4      | Gained mutation: You frequently emit foul miasma when damaged in melee. [demonic ancestry]
  3260 | D:4      | Reached XP level 7. HP: 43/52 MP: 5/7
  3271 | D:4      | Learned a level 3 spell: Regeneration
  3873 | D:4      | You fall through a shaft for 2 floors!
  3880 | D:5      | Entered Level 5 of the Dungeon
  3913 | D:5      | Found a snail-covered altar of Cheibriados.
  3917 | D:5      | Found a burning altar of Makhleb.
  3918 | D:5      | Found a glowing silver altar of Zin.
  3997 | D:5      | Reached skill level 5 in Dodging
  3997 | D:5      | Reached skill level 1 in Necromancy
  4357 | D:5      | Gained mutation: You have a pair of small antennae on your head. [demonic ancestry]
  4357 | D:5      | Reached XP level 8. HP: 36/59 MP: 3/8
  4674 | D:5      | Reached skill level 5 in Axes
  4766 | D:5      | Found a sparkling altar of Nemelex Xobeh.
  5017 | D:5      | Engulfed by a cloud of freezing vapour

Vault maps used:
D:1:      dpeg_arrival_rooms_a
D:3:      overflow_temple_1_default, xom_butterflies, first_bread,
          moated_statue, kennysheep_orc_chapel, uniq_jessica, uniq_natasha
D:4:      dk_noncrumbling_2
D:5:      lemuel_ice_spiral_2, minitemple, nemelex_diamond_rough_becter
D:6:      minmay_temple_entry_statues_pillars

Action                   |  1- 3 |  4- 6 |  7- 9 || total
-------------------------+-------+-------+-------++-------
Melee: War axe           |   115 |   168 |   181 ||   464
  Use: Scroll            |     7 |     2 |     1 ||    10
       Potion            |       |     4 |     2 ||     6
  Eat: Chunk             |     2 |     6 |     3 ||    11
       Fruit             |       |       |     2 ||     2
